 Dungeon Crawl Stone Soup version 0.29.0-4-gdea44cf6ec (webtiles) character file.

Game seed: 11929893152572873889

102134 Armakuni the Basher (level 16, -17/122 HPs)
             Began as a Human Wanderer on Aug 27, 2022.
             Was a Priest of Elyvilon.
             Demolished by a naga warrior
             ... wielding a +0 hand axe
              (25 damage)
             ... on level 4 of the Snake Pit.
             The game lasted 01:11:58 (27313 turns).

Armakuni the Basher (Human Wanderer)               Turns: 27313, Time: 01:11:58

Health: -17/122    AC: 23    Str: 29    XL:     16   Next: 85%
Magic:  25/25      EV: 11    Int:  9    God:    Elyvilon [***...]
Gold:   764        SH:  0    Dex: 11    Spells: 16/17 levels left

rFire   . . .      SeeInvis +   a - +4 lajatang (spect)
rCold   . . .      Faith    .   (shield currently unavailable)
rNeg    . . .      Spirit   .   m - +1 plate armour {rPois}
rPois   +          Reflect  .   X - +1 helmet {SInv}
rElec   .          Harm     .   U - +0 cloak {Will+}
rCorr   .          Rampage  .   n - +0 pair of gloves
Will    ++++.      Rage     50% k - +1 pair of boots
Stlth   ..........              R - necklace of Bloodlust {*Rage Will++ Int-3 Slay+6}
HPRegen 0.30/turn               E - +4 ring of evasion
MPRegen 0.19/turn               V - +6 ring of strength

@: about to teleport, on berserk cooldown, slowed, constricted, very slow
A: no striking features
a: Renounce Religion, Purification, Heal Other, Heal Self


You were on level 4 of the Snake Pit.
You worshipped Elyvilon.
Elyvilon was most pleased with you.
You visited 5 branches of the dungeon, and saw 22 of its levels.

You collected 1779 gold pieces.
You spent 1015 gold pieces at shops.

Inventory:

Hand Weapons
 a - a +4 spectral lajatang (weapon)
 b - a +3 great mace of protection
Missiles
 u - 3 javelins
 x - 21 boomerangs (quivered)
 B - 4 throwing nets
 H - 2 curare-tipped darts
 S - a boomerang of dispersal
Armour
 k - a +1 pair of boots (worn)
 m - a +1 plate armour of poison resistance (worn)
 n - a +0 pair of gloves (worn)
 U - a +0 cloak of willpower (worn)
 X - a +1 helmet of see invisible (worn)
Jewellery
 f - an amulet of the acrobat
 E - a +4 ring of evasion (left hand)
 K - a ring of resist corrosion
 R - the necklace of Bloodlust (around neck) {*Rage Will++ Int-3 Slay+6}
   (You bought it in a shop on level 2 of the Orcish Mines)

   [amulet of nothing]

   It extends the wearer's berserk rage when killing foes.
   Int:       It affects your intelligence (-3).
   Slay:      It affects your accuracy & damage with ranged weapons and melee
   (+6).
   *Rage:     It berserks you when you make melee attacks (+50% chance).
   Will:      It greatly increases your willpower.
 V - a +6 ring of strength (right hand)
Wands
 h - a wand of acid (15)
 p - a wand of polymorph (5)
 W - a wand of digging (6)
Scrolls
 c - 2 scrolls of poison
 o - 2 scrolls of amnesia
 q - 5 scrolls of teleportation
 s - 4 scrolls of butterflies
 v - a scroll of enchant armour
 z - 4 scrolls of identify
 C - 4 scrolls of noise
 I - 3 scrolls of vulnerability
 O - 2 scrolls of silence
 Y - 3 scrolls of magic mapping
Potions
 d - 8 potions of curing
 e - 3 potions of might
 g - 3 potions of heal wounds
 j - 2 potions of berserk rage
 l - 4 potions of brilliance
 r - a potion of mutation
 t - 6 potions of lignification
 y - 3 potions of magic
 D - 5 potions of invisibility
 F - a potion of haste
 Q - 3 potions of cancellation
 T - 3 potions of ambrosia
Miscellaneous
 i - a box of beasts (inert)


   Skills:
 - Level 10.0 Fighting
 - Level 2.0(9.2) Axes
 - Level 13.9(15.4) Maces & Flails
 - Level 11.0(14.0) Staves
 - Level 10.0 Throwing
 + Level 10.4 Armour
 - Level 8.6 Dodging
 - Level 1.0 Stealth
 - Level 1.0 Spellcasting
 - Level 3.0 Translocations
 - Level 12.0 Invocations
 - Level 8.0 Evocations


You had 16 spell levels left.
You knew the following spells:

 Your Spells              Type           Power      Damage    Failure   Level
a - Apportation           Tloc           10%        N/A       63%         1

Your spell library contained the following spells:

 Spells                   Type           Power      Damage    Failure   Level
 Gell's Gravitas          Tloc           5%         N/A       94%         3
 Lesser Beckoning         Tloc           5%         N/A       94%         3
 Teleport Other           Tloc           5%         N/A       94%         3
 Ensorcelled Hibernation  Hex/Ice        0%         N/A       99%         2
 Passwall                 Tmut/Erth      0%         N/A       99%         2
 Portal Projectile        Hex/Tloc       6%         N/A       99%         3
 Call Canine Familiar     Summ           0%         N/A       100%        3
 Confusing Touch          Hex            0%         N/A       100%        3
 Inner Flame              Hex/Fire       0%         N/A       100%        3
 Ozocubu's Armour         Ice            0%         N/A       100%        3
 Spider Form              Tmut/Pois      0%         N/A       100%        3
 Swiftness                Air            0%         N/A       100%        3
 Tukima's Dance           Hex            0%         N/A       100%        3
 Anguish                  Hex/Necr       0%         N/A       100%        4
 Cause Fear               Hex            0%         N/A       100%        4
 Leda's Liquefaction      Hex/Erth       0%         N/A       100%        4
 Blade Hands              Tmut           0%         N/A       100%        5
 Iskenderun's Battlesphe  Conj           0%         2d6       100%        5
 Dispersal                Tloc           2%         N/A       100%        6
 Iron Shot                Conj/Erth      0%         9d1       100%        6
 Ozocubu's Refrigeration  Ice            0%         4d7       100%        7
 Spellforged Servitor     Conj/Summ      0%         N/A       100%        7
 Discord                  Hex            0%         N/A       100%        8


Dungeon Overview and Level Annotations

Branches:
Dungeon (10/15)            Temple (1/1) D:5            Lair (5/5) D:10
  Swamp (0/4) Lair:2        Snake (4/4) Lair:2        Slime (0/5) Lair:4
    Orc (2/2) D:10            Elf (0/3) Orc:2

Altars:
Ashenzari
Cheibriados
Dithmenos
Elyvilon
Fedhas
Gozag
Hepliaklqana
Kikubaaqudgha
Makhleb
Nemelex Xobeh
Okawaru
Qazlal
Ru
Sif Muna
Trog
Uskayaw
Vehumet
Wu Jian
Xom
Yredelemnul
Zin
The Shining One

Shops:
D:4 ?   D:5 *   D:6 *   Orc:1 !   Orc:2 [==*=   Snake:1 ::   Snake:3 [

Annotations:
D:5 2 transporters, muxecoid's ghost, novice DgHu


Message History

The naga sharpshooter unwields a +0 battleaxe.
The naga sharpshooter wields a +0 shortbow.
The naga sharpshooter gestures wildly while chanting.
The naga mage barely misses you.
You hear a shout! x2
Unknown command.
As you read the scroll of teleportation, it crumbles to dust.
You feel strangely unstable.
The naga warrior hits you with a +0 glaive!!
* * * LOW HITPOINT WARNING * * *
The naga mage gestures at the naga warrior while chanting.
The naga warrior seems to grow toxic.
The naga barely misses you.
The naga sharpshooter shoots an arrow.
The arrow closely misses you.
The arrow hits the naga mage!
The arrow burns the naga mage.
The naga warrior hits you with a +0 hand axe!!
* * * LOW HITPOINT WARNING * * *
The naga warrior constricts you.
* * * LOW HITPOINT WARNING * * *
The guardian serpent casts a spell at you.
The naga warrior hits you but does no damage.
The naga sharpshooter casts a spell.
The naga sharpshooter magically shoots an arrow.
The arrow hits you but does no damage.
The naga mage casts a spell at the naga warrior.
The naga warrior seems to grow toxic.
The naga mage gestures wildly while chanting.
The naga mage seems to speed up.
The naga warrior spits poison at you. The splash of poison misses you.
The splash of poison hits the naga warrior.
The naga sharpshooter unwields a +0 hand axe.
The naga sharpshooter wields a +0 shortbow.
The naga sharpshooter gestures wildly while chanting.
The naga sharpshooter magically shoots an arrow.
The arrow hits you but does no damage. The naga barely misses you.
A naga sharpshooter comes into view. It is wielding a +0 trident.
A naga sharpshooter comes into view. It is wielding a +0 mace.
The naga sharpshooter shoots an arrow.
The arrow hits you but does no damage.
The naga warrior hits you with a +0 hand axe!!
You die...

.## #..)..# ... ..#
#####..#).# ###.§. ..#
##...#÷.#..# #.#..N.
..###...§#).#..#
...NNN.
..##.....)..#..#
....N⌠.
..#.........#..###.?...
.......#....#..##S..#
.....####...#..N#N..#
...### #..##..N@NS.#
.### ######.NNN.## ##
#....## #### ##..##
#..## #### ##..## #...#
#...# #...#


You could see 3 naga warriors, 5 naga sharpshooters, 2 guardian serpents, 2 naga
magi and 2 nagas.

Vanquished Creatures
  Mlioglotl (Snake:4)
  5 nagarajas
  An orc warlord (Orc:1)
  A fire dragon (Lair:5)
  Fannar (Orc:1)
  A salamander tyrant (Snake:2)
  11 anacondas
  A catoblepas (Lair:4)
  2 hydras (Lair:1)
  A two-headed ogre (D:10)
  12 naga warriors
  5 orc high priests
  7 naga sharpshooters
  3 shock serpents
  A spriggan (Lair:4)
  A fire crab (Lair:5)
  4 salamander mystics
  A sea snake (Snake:1)
  2 lindwurms (Lair:5)
  7 naga ritualists
  9 orc knights
  An oklob plant (Lair:2)
  2 orc sorcerers (Orc:2)
  Pikel (D:7)
  6 mana vipers
  16 salamanders
  3 guardian serpents
  10 elephants
  28 black mambas
  3 molten gargoyles (Lair:5)
  9 naga magi
  4 cane toads
  Maggie (D:8)
  6 komodo dragons
  2 rime drakes (Lair:3)
  Psyche (D:8)
  3 hornets
  A polar bear (Lair:5)
  2 trolls (Orc:1)
  13 blink frogs
  20 yaks
  Sigmund (D:6)
  A shadow (D:10)
  5 wyverns
  5 basilisks
  3 steam dragons
  An acid dragon (D:10)
  23 nagas
  A warg (Orc:2)
  4 hell hounds (Lair:5)
  14 water moccasins
  A swamp drake (Snake:1)
  32 orc warriors
  3 black bears
  A sky beast (D:7)
  7 ogres
  A boggart (Lair:4)
  5 centaurs
  3 wolves (D:10)
  6 kobold brigands
  11 bullfrogs
  3 scorpions
  3 wights (D:9)
  5 howler monkeys
  4 electric eels
  5 lava snakes (Lair:5)
  3 hounds (D:4)
  3 jellies
  28 orc priests
  A gnoll bouda (D:7)
  Ijyb (D:4)
  6 iguanas
  19 orc wizards
  4 gnolls (D:3)
  8 adders
  A shadow imp (D:6)
  A white imp (D:5)
  2 worms
  A dart slug (D:3)
  91 orcs
  9 ball pythons
  4 bats
  11 endoplasms
  10 giant cockroaches
  7 goblins
  5 hobgoblins
  30 kobolds
  3 quokkas
  7 frilled lizards
  4 rats
616 creatures vanquished.

Vanquished Creatures (collateral kills)
  The ghost of Xyudeake the Devastator, a journeyman DEFE of Vehumet (Lair:4)
  Harold (Orc:1)
  Erica (D:8)
  An orc high priest (Orc:2)
  A lindwurm (Lair:5)
  A salamander (Snake:4)
  A cyclops (Orc:1)
  A hornet (Lair:4)
  A spriggan (Lair:4)
  6 orc warriors
  2 orc priests
  2 orc wizards (Orc:1)
  6 orcs
25 creatures vanquished.

Vanquished Creatures (others)
  A lindwurm (Lair:5)
  An orc knight (Orc:2)
  2 black mambas (Lair:5)
  7 orc warriors
  2 orcs
  13 fungi
  33 plants
59 creatures vanquished.

Grand Total: 700 creatures vanquished

Notes
Turn   | Place    | Note
-------+----------+-------------------------------------------
     0 | D:1      | Armakuni the Human Wanderer began the quest for the Orb.
     0 | D:1      | Armakuni set off with the following items: a +0 hand axe, a
                  | +0 pair of boots, a scroll of blinking, a +0 leather
                  | armour; and the following spell memorised: Apportation; and
                  | the following spells available to memorise: Teleport Other,
                  | Portal Projectile.
     0 | D:1      | Reached XP level 1. HP: 15/15 MP: 2/2
   174 | D:1      | Reached XP level 2. HP: 11/21 MP: 3/3
   467 | D:1      | Reached skill level 1 in Maces & Flails
   982 | D:1      | Reached XP level 3. HP: 24/27 MP: 4/4
  1514 | D:2      | You fall into a shaft and drop 1 floor!
  1690 | D:3      | Reached skill level 2 in Maces & Flails
  1728 | D:3      | Reached XP level 4. HP: 28/34 MP: 5/5
  2140 | D:2      | Found a faded altar of an unknown god.
  2776 | D:3      | Reached XP level 5. HP: 7/41 MP: 6/6
  2957 | D:3      | Reached skill level 3 in Maces & Flails
  3467 | D:4      | Noticed Ijyb
  3481 | D:4      | Killed Ijyb
  3482 | D:4      | Reached XP level 6. HP: 29/48 MP: 7/7
  3764 | D:4      | Reached skill level 4 in Maces & Flails
  4012 | D:4      | Found an ornate altar of the Wu Jian Council.
  4281 | D:4      | Reached XP level 7. HP: 55/55 MP: 8/8
  4405 | D:4      | Found Impaheas's Magic Scroll Shoppe.
  4410 | D:4      | Reached skill level 5 in Fighting
  4439 | D:4      | Bought a scroll of identify for 26 gold pieces
  4439 | D:4      | Bought a scroll of identify for 26 gold pieces
  4439 | D:4      | Bought a scroll of identify for 26 gold pieces
  4558 | D:4      | Found a bloodstained altar of Trog.
  4636 | D:5      | Entered Level 5 of the Dungeon
  4697 | D:5      | Reached skill level 1 in Armour
  4697 | D:5      | Reached skill level 1 in Dodging
  4710 | D:5      | Found a staircase to the Ecumenical Temple.
  4725 | Temple   | Entered the Ecumenical Temple
  4779 | Temple   | Became a worshipper of Elyvilon the Healer
  5070 | D:5      | Reached XP level 8. HP: 22/62 MP: 9/9
  5990 | D:5      | Reached * piety under Elyvilon
  6089 | D:5      | Found Rumpaw's Assorted Antiques.
  6096 | D:5      | Bought a glowing orange potion for 27 gold pieces
  6105 | D:5      | Noticed muxecoid's ghost (novice DgHu)
  6106 | D:5      | Found a transporter.
  6106 | D:5      | Identified the +11 dire flail of Hiosi {drain, Str+3 Dex+5}
  6110 | D:5      | Found a transporter.
  6499 | D:6      | Found Gub Uryps's CLEARANCE SALE!.
  6513 | D:6      | Bought a scroll of identify for 6 gold pieces
  6513 | D:6      | Bought a box of beasts for 120 gold pieces
  6739 | D:6      | Noticed Sigmund
  6770 | D:6      | Killed Sigmund
  6771 | D:6      | Reached skill level 5 in Armour
  6771 | D:6      | Reached skill level 5 in Dodging
  6771 | D:6      | Reached skill level 5 in Maces & Flails
  6771 | D:6      | Reached XP level 9. HP: 68/68 MP: 10/10
  6998 | D:7      | Reached skill level 6 in Maces & Flails
  7155 | D:7      | Noticed a hornet
  7159 | D:7      | Paralysed by a hornet for 1 turns
  7166 | D:7      | Killed a hornet
  7167 | D:7      | Reached skill level 7 in Maces & Flails
  7544 | D:7      | Noticed Pikel
  7545 | D:7      | Killed Pikel
  7546 | D:7      | Reached skill level 8 in Maces & Flails
  7655 | D:7      | Reached ** piety under Elyvilon
  7815 | D:7      | Reached skill level 9 in Maces & Flails
  7840 | D:7      | Reached XP level 10. HP: 49/74 MP: 11/11
  8372 | D:7      | Found a glowing golden altar of the Shining One.
  8482 | D:8      | Reached skill level 10 in Maces & Flails
  8567 | D:8      | Noticed Erica
  8575 | D:8      | Killed Erica
  8576 | D:8      | Reached skill level 11 in Maces & Flails
  8625 | D:8      | Noticed Maggie
  8642 | D:8      | Killed Maggie
  8890 | D:8      | Noticed Psyche
  8894 | D:8      | Killed Psyche
  8927 | D:8      | Reached *** piety under Elyvilon
  9316 | D:9      | Reached skill level 1 in Invocations
  9333 | D:9      | Found a basalt altar of Yredelemnul.
  9600 | D:9      | Reached **** piety under Elyvilon
  9835 | D:9      | Reached skill level 12 in Maces & Flails
 10199 | D:9      | Found a snail-covered altar of Cheibriados.
 10394 | D:10     | Entered Level 10 of the Dungeon
 10512 | D:10     | Reached XP level 11. HP: 79/79 MP: 12/12
 10550 | D:10     | Found a shimmering blue altar of Sif Muna.
 10550 | D:10     | Found a broken altar of Ashenzari.
 10625 | D:10     | Noticed a two-headed ogre
 10637 | D:10     | Killed a two-headed ogre
 10638 | D:10     | Reached skill level 5 in Evocations
 10876 | D:10     | Found a staircase to the Lair.
 10970 | D:10     | Reached skill level 13 in Maces & Flails
 11680 | D:10     | Found a staircase to the Orcish Mines.
 11869 | Lair:1   | Entered Level 1 of the Lair of Beasts
 11903 | D:10     | Reached skill level 5 in Invocations
 11954 | Lair:1   | Reached XP level 12. HP: 86/86 MP: 16/16
 12245 | Lair:1   | Noticed a five-headed hydra
 12253 | Lair:1   | Killed a five-headed hydra
 12254 | Lair:1   | Reached skill level 1 in Throwing
 12410 | Lair:1   | Noticed a seven-headed hydra
 12425 | Lair:1   | Killed a seven-headed hydra
 12460 | Lair:1   | Reached ***** piety under Elyvilon
 13105 | Lair:2   | Found a staircase to the Snake Pit.
 13231 | Lair:2   | Found a staircase to the Swamp.
 14349 | Lair:3   | Reached skill level 1 in Staves
 15197 | Lair:4   | Found a runed translucent door.
 15284 | Lair:4   | Reached XP level 13. HP: 53/91 MP: 20/20
 15289 | Lair:4   | Reached skill level 10 in Invocations
 15397 | Lair:4   | Found a staircase to the Slime Pits.
 15446 | Lair:4   | Identified the +10 spear "Mevuj" {distort, rC+++ MP+9 SInv}
 15448 | Lair:4   | Noticed Xyudeake's ghost (journeyman DEFE)
 15467 | Lair:4   | Reached skill level 5 in Staves
 15521 | Lair:4   | Got the Catalogue of Captivating Peregrination
 15925 | Lair:4   | Noticed a catoblepas
 15938 | Lair:4   | Killed a catoblepas
 16462 | Lair:4   | Killed Xyudeake's ghost
 16625 | Lair:5   | Entered Level 5 of the Lair of Beasts
 16703 | Lair:5   | HP: 4/91 [hell hound/blast of flame (19)]
 17383 | Lair:5   | Reached skill level 10 in Staves
 17426 | Lair:5   | Identified the +6 war axe of Radicalism {vorpal, rPois
                  | Int+4}
 17675 | Lair:5   | Noticed a fire dragon
 17684 | Lair:5   | Found a large runed translucent door.
 17684 | Lair:5   | Found a large runed translucent door.
 17716 | Lair:5   | Killed a fire dragon
 17717 | Lair:5   | Reached XP level 14. HP: 98/98 MP: 21/21
 18368 | Orc:1    | Entered Level 1 of the Orcish Mines
 18425 | Orc:1    | Noticed Fannar
 18438 | Orc:1    | Killed Fannar
 18608 | Orc:1    | Found Pimuila's Distillery.
 18622 | Orc:1    | Noticed Harold
 18640 | Orc:1    | Killed Harold
 18645 | Orc:1    | Noticed an orc warlord
 18673 | Orc:1    | Killed an orc warlord
 18696 | Orc:1    | Bought a potion of mutation for 112 gold pieces
 18912 | Orc:2    | Entered Level 2 of the Orcish Mines
 18916 | Orc:2    | Found Fufro's Jewellery Emporium.
 19130 | Orc:2    | Found a staircase to the Elven Halls.
 19660 | Orc:2    | Found Keiqat's Jewellery Shoppe.
 19660 | Orc:2    | Found Lefixoxt's Assorted Antiques.
 19661 | Orc:2    | Found Tong's Antique Armour Shoppe.
 19661 | Orc:2    | Found Iluc's Jewellery Emporium.
 19671 | Orc:2    | Bought the necklace of Bloodlust {*Rage Will++ Int-3
                  | Slay+6} for 634 gold pieces
 19671 | Orc:2    | Found the necklace of Bloodlust {*Rage Will++ Int-3 Slay+6}
 19706 | Orc:2    | Bought a scroll of identify for 38 gold pieces
 19996 | Snake:1  | Entered Level 1 of the Snake Pit
 20277 | Snake:1  | Found Qehex's Book Shop.
 20297 | Snake:1  | Found Ycif's Tremendous Tomes.
 20639 | Snake:1  | Reached XP level 15. HP: 103/103 MP: 24/24
 20676 | Snake:1  | You fall into a shaft and drop 1 floor!
 20795 | Snake:1  | Reached skill level 5 in Throwing
 22642 | Snake:2  | Noticed a nagaraja
 22650 | Snake:2  | Killed a nagaraja
 23014 | Snake:2  | Reached skill level 10 in Armour
 24055 | Snake:3  | Reached XP level 16. HP: 57/110 MP: 16/25
 24338 | Snake:3  | Noticed a nagaraja
 24355 | Snake:3  | Killed a nagaraja
 24715 | Snake:3  | Noticed a nagaraja
 24729 | Snake:3  | Killed a nagaraja
 24980 | Snake:3  | Noticed a nagaraja
 24988 | Snake:3  | Killed a nagaraja
 25690 | Snake:3  | Reached skill level 10 in Throwing
 25953 | Snake:3  | Found Waumonk's Antique Armour Shop.
 26056 | Snake:4  | Entered Level 4 of the Snake Pit
 26359 | Snake:4  | Elyvilon protects you from harm!
 26359 | Snake:4  | Elyvilon protects you from harm!
 26774 | Snake:4  | Noticed Mlioglotl
 26782 | Snake:4  | Killed Mlioglotl
 26928 | Snake:4  | Noticed a nagaraja
 26940 | Snake:4  | Killed a nagaraja
 26947 | Snake:4  | Reached skill level 10 in Fighting
 27313 | Snake:4  | Demolished by a naga warrior

Illustrated notes

Levels and vault maps discovered:
D:1:      nicolae_arrival_memento_mori, layout_basic
D:2:      layout_basic, ebering_ecumenical_altar_box, kennysheep_nub,
          minmay_pentomino_w4
D:3:      layout_loops_ring, minivault_14, kennysheep_cluttered_room,
          minmay_misc_feat_x
D:4:      layout_basic, nzn_wu_jian_contemplation, trog_book, serial_shops,
          shop, minmay_circle_x, uniq_ijyb
D:5:      layout_basic, minmay_temple_entry_proselytizer, gammafunk_ghost_smash,
          serial_shops, shop, minmay_misc_feat_chi
D:6:      layout_rooms, nicolae_shop_clearance, uniq_sigmund
D:7:      minmay_inner_zag, layout_loops_ring, kennysheep_mini_moat, uniq_pikel
D:8:      layout_cave_pools, uniq_maggie, uniq_psyche, uniq_erica
D:9:      layout_basic, overflow_temple_1_default,
          nicolae_overflow_crystal_walls, special_room [special_room_orc]
D:10:     layout_irregular_city, nicolae_overflow_two_pavilions,
          minmay_lair_entry_grove, chequers_serial_rivers_micro_c
Temple:   bh_familiar_temple
Lair:1:   layout_hall_layers, chequers_serial_rivers_small_3,
          beast_lair_carwin_1, serial_bayou_shore_a
Lair:2:   layout_chaotic_city, swamp_mist_pool, guppyfry_snake_entry_island,
          grunt_forest_small_clearings, minmay_lair_oklob_items
Lair:3:   layout_loops_ring, small_statue_intersection, lemuel_fruit_tree
Lair:4:   layout_regular_city, nicolae_slime_entry_slimehenge,
          ebering_ghost_funeral_grove, chequers_serial_rivers_small_b
Lair:5:   cheibrodos_lair_end_hotspot, layout_gridlike, minmay_lindwurm_lava
Snake:1:  layout_onion, serial_shops, shop, grunt_ministairs_6,
          nicolae_shop_i_like_big_books, nicolae_snake_snake_lake
Snake:2:  layout_concentric_octagons, nicolae_snake_magic_snake_eye
Snake:3:  layout_misc_corridors, serial_shops, nicolae_stop_n_shop_1
Snake:4:  grunt_snake_rune_serpentine_throne, layout_cave_pods, drop_trap,
          uniq_kirke, uniq_mlioglotl, uniq_vashnia
Orc:1:    layout_diamond_mine, serial_shops, nicolae_shop_statue_plus,
          uniq_harold, uniq_fannar
Orc:2:    st_orc_pillars, layout_diamond_mine, serial_shops,
          nicolae_shop_advertising_works [nicolae_subvault_shop_adworks]

Skill      XL: |  1  2  3  4  5  6  7  8  9 10 11 12 13 14 15 16 |
---------------+-------------------------------------------------+-----
Maces & Flails | 1 2 3 4 5 9 12 13 | 13.9
Fighting       | 2 3 4 5 10 | 10.0
Armour         | 3 5 8 10 | 10.4
Dodging        | 3 5 8 |  8.6
Invocations    | 2 6 9 10 12 | 12.0
Evocations     | 4 5 8 |  8.0
Throwing       | 4 8 10 | 10.0
Staves         | 4 11 | 11.0
Axes           | |  2.0
Stealth        | |  1.0
Spellcasting   | |  1.0
Translocations | |  3.0

Action                   |  1- 3 |  4- 6 |  7- 9 | 10-12 | 13-15 | 16-18 || total
-------------------------+-------+-------+-------+-------+-------+-------++-------
Melee: Whip              |   131 |    74 |       |       |       |       ||   205
       Punch             |     1 |       |       |       |       |       ||     1
       Mace              |       |   104 |       |       |       |       ||   104
       Flail             |       |    10 |   230 |   453 |       |       ||   693
       Dire flail        |       |       |       |    40 |       |       ||    40
       Lajatang          |       |       |       |    39 |   507 |   155 ||   701
Throw: Throwing net      |       |       |     2 |       |     3 |       ||     5
       Dart              |       |       |     1 |     8 |     2 |       ||    11
       Javelin           |       |       |       |     2 |     3 |       ||     5
       Boomerang         |       |       |       |     1 |    27 |       ||    28
Invok: Purification      |       |       |       |     2 |     5 |     2 ||     9
       Heal Self         |       |       |       |     3 |    23 |     4 ||    30
       Heal Other        |       |       |       |       |     4 |       ||     4
Evoke: Wand              |       |     1 |     7 |    28 |    41 |       ||    77
       Box of beasts     |       |       |       |     1 |     3 |     1 ||     5
  Use: Scroll            |     4 |     5 |     9 |    13 |     9 |     1 ||    41
       Potion            |       |     3 |     1 |       |     4 |     2 ||    10
 Stab: Sleeping          |     1 |       |       |     1 |       |       ||     2
       Invisible         |       |     2 |       |       |       |       ||     2
       Distracted        |       |       |       |       |     8 |     7 ||    15
       Held in net/web   |       |       |       |       |     3 |       ||     3
Armor: Leather armour    |    32 |       |       |   105 |    31 |       ||   168
       Ring mail         |    24 |    86 |   138 |    45 |       |       ||   293
       Steam dragon scal |       |       |       |    59 |       |       ||    59
       Fire dragon scale |       |       |       |       |    66 |       ||    66
       Plate armour      |       |       |       |       |    80 |    60 ||   140
Dodge: Dodged            |    75 |   115 |   134 |   248 |   209 |    77 ||   858
